 Dungeon Crawl Stone Soup version 0.27-a0-1245-g940ed4fa31 (webtiles) character file.

Game seed: 73535248887081520

39 polve the Cutter (level 3, -3/29 HPs)
             Began as a Demonspawn Abyssal Knight on June 9, 2021.
             Was a Follower of Lugonu.
             Slain by Sigmund
             ... wielding a +0 scythe
              (9 damage)
             ... on level 2 of the Dungeon.
             The game lasted 00:01:03 (1155 turns).

polve the Cutter (Demonspawn Abyssal Knight)        Turns: 1155, Time: 00:01:04

Health: -3/29      AC:  3    Str: 13    XL:     3   Next: 26%
Magic:  4/4        EV: 11    Int: 13    God:    Lugonu [*.....]
Gold:   69         SH:  0    Dex: 12    Spells: 2/2 levels left

rFire    . . .     SeeInvis .   h - +0 dagger (drain)
rCold    . . .     Faith    .   (no shield)
rNeg     . . .     Spirit   .   b - +0 leather armour
rPois    .         Reflect  .   (no helmet)
rElec    .         Harm     .   (no cloak)
rCorr    .         Rampage  .   (no gloves)
Will     .....                  (no boots)
Stlth    +.........             (no amulet)
HPRegen  0.09/turn              (no ring)
MPRegen  0.09/turn              (no ring)

@: no status effects
A: talons 2
a: Renounce Religion, Depart the Abyss


You were on level 2 of the Dungeon.
You worshipped Lugonu.
Lugonu was aware of your devotion.
You visited 1 branch of the dungeon, and saw 2 of its levels.
You visited the Abyss 1 time.

You collected 69 gold pieces.

Inventory:

Hand Weapons
 a - a +1 short sword
 h - a +0 dagger of draining (weapon)
Missiles
 g - a throwing net
Armour
 b - a +0 leather armour (worn)
Scrolls
 d - a scroll of enchant weapon {unknown}
 e - 2 scrolls of teleportation {unknown}
 f - a scroll of summoning {unknown}
Potions
 c - a potion of curing {unknown}


   Skills:
 - Level 3.0 Fighting
 + Level 3.4 Short Blades
 - Level 1.7 Armour
 - Level 0.8 Dodging
 - Level 2.4 Invocations


You had 2 spell levels left.
You didn't know any spells.
Your spell library was empty.

Dungeon Overview and Level Annotations

Branches:
Dungeon (2/15)

Altars:

Annotations:
D:2 Sigmund


Innate Abilities, Weirdness & Mutations

You have razor-sharp toenails.


Message History

You hit the rat.
The rat is severely wounded.
The rat misses you.
You hit the rat but do no damage.
The rat is severely wounded.
You closely miss the rat. You claw the rat.
You kill the rat!
Lugonu accepts your kill. Something hits you!
You are too injured to fight recklessly!
You are too injured to fight recklessly!
You are too injured to fight recklessly!
You are too injured to fight recklessly!
You are too injured to fight recklessly!
You are too injured to fight recklessly!
You are too injured to fight recklessly!
You are too injured to fight recklessly!
You are too injured to fight recklessly!
You are too injured to fight recklessly!
You are too injured to fight recklessly!
You are too injured to fight recklessly!
You are too injured to fight recklessly!
You are too injured to fight recklessly!
The worm closely misses you.
A puff of flame appears from out of thin air!
The puff of flame hits you.
Sigmund appears from thin air!
Reactivating autopickup.
Sigmund gestures at you while chanting.
You are confused.
Sigmund gestures wildly while chanting.
Sigmund flickers and vanishes!
Deactivating autopickup; reactivate with Ctrl-A.
You're too confused to move!
You feel less confused. Something hits you!
* * * LOW HITPOINT WARNING * * *
There is an escape hatch in the ceiling, spattered with blood here.
Something hits you!
You die...

#..<..# #.....# ..
##..### ... ####### #..#
.... #.....###
###..#####....
#..##...###..>..........
##.####.....#.{.........
#..# #....#..#.........
##.# #....#.##.@...###.
#.####...#.##.....# #..#
#...#.##.....# ##.#
#####.##.....# #.##
#.##.....# #.w#
#.##.....# ##.#
..###.#### #.# ... #.##


There were no monsters in sight!

Vanquished Creatures
  An adder (D:2)
  2 dart slugs (D:1)
  5 endoplasms (D:1)
  3 giant cockroaches (D:1)
  3 hobgoblins
  2 bats (D:1)
  A frilled lizard (D:1)
  A goblin (D:1)
  3 kobolds (D:1)
  3 rats
24 creatures vanquished.

Notes
Turn   | Place    | Note
-------+----------+-------------------------------------------
     0 | Abyss:1  | polve the Demonspawn Abyssal Knight began the quest for the
                  | Orb.
     0 | Abyss:1  | Reached XP level 1. HP: 18/18 MP: 2/2
    42 | Abyss:1  | Found a corrupted altar of Lugonu.
   138 | Abyss:1  | Noticed a ynoxinul
   172 | Abyss:1  | Noticed an Executioner
   179 | D:1      | Escaped the Abyss
   259 | D:1      | Gained mutation: You have sharp toenails. [demonic
                  | ancestry]
   259 | D:1      | Reached XP level 2. HP: 3/24 MP: 3/3
   671 | D:1      | Reached * piety under Lugonu
   828 | D:1      | Found a faded altar of an unknown god.
  1081 | D:2      | Gained mutation: You have razor-sharp toenails. [demonic
                  | ancestry]
  1081 | D:2      | Reached XP level 3. HP: 29/29 MP: 4/4
  1112 | D:2      | Noticed Sigmund
  1155 | D:2      | Slain by Sigmund

Illustrated notes

Levels and vault maps discovered:
D:1:      moated_graveyard_arrival, layout_rooms,
          hellmonk_ecumenical_altar_slurped_away, chequers_decorated_corner
D:2:      layout_rooms, serial_shops, shop, uniq_sigmund

Skill      XL: |  1  2 |
---------------+-------+-----
Short Blades   | 2 3 |  3.4
Fighting       | |  3.0
Armour         | |  1.7
Dodging        | |  0.8
Invocations    | |  2.4

Action                   || total
-------------------------++-------
Melee: Short sword       ||    37
       Dagger            ||    28
       Kick              ||    12
Invok: Depart the Abyss  ||     1
Armor: Leather armour    ||    32
Dodge: Dodged            ||    48

Table legend: (Time is in decaauts)
 A = Elapsed time spent in this place.
 B = Non-inter-level travel time spent in this place.
 C = Inter-level travel time spent in this place.
 D = Time resting spent in this place.
 E = Time spent auto-exploring this place.
 F = Levels seen in this place.
 G = Mean time per level.
                   A        B        C        D        E       F      G
               +--------+--------+--------+--------+--------+-----+--------+
         Total |   1149 |   1130 |     19 |      0 |    907 |   3 |  383.0 |
       Dungeon |    970 |    951 |     19 |      0 |    770 |   2 |  485.0 |
         Abyss |    179 |    179 |      0 |      0 |    137 |   1 |  179.0 |
               +--------+--------+--------+--------+--------+-----+--------+

Top non-repeatable levels by time:
     D:1: 887 daAuts
 Abyss:1: 179 daAuts
     D:2: 82 daAuts
